 Dungeon Crawl Stone Soup version 0.30-a0-305-g026cb31310 (webtiles) character file.

Game seed: 8305700849301595501

177 Lanoc the Chopper (level 5, -5/50 HPs)
             Began as a Naga Berserker on Oct 23, 2022.
             Was a Believer of Trog.
             Slain by an iguana (8 damage)
             ... on level 4 of the Dungeon.
             The game lasted 00:05:21 (2358 turns).

Lanoc the Chopper (Naga Berserker)                  Turns: 2358, Time: 00:05:22

Health: -5/50      AC:  6    Str: 19    XL:     5   Next: 57%
Magic:  5/5        EV: 10    Int:  8    God:    Trog [**....]
Gold:   208        SH:  0    Dex: 12    Spells: 4/4 levels left

rFire   + . .      SeeInvis +    e - +1 whip (vamp)
rCold   . . .      Faith    .    p - orb {light}
rNeg    . . .      Spirit   .    b - +0 animal skin
rPois   +          Reflect  .    (no helmet)
rElec   .          Harm     .    (no cloak)
rCorr   .          Rampage  .    (no gloves)
Will    .....                    (no barding)
Stlth   +.........               (no amulet)
HPRegen 0.28/turn                (no ring)
MPRegen 0.09/turn                (no ring)

@: brilliant, hasted, glowing, unable to read, quick
A: AC +1, large, see invisible, deformed body, poison resistance, slowness 2,
spit poison 1, naga tail 1, claws 1, iridescent scales 2, fire resistance 1,
inability to read after injury 1
a: Spit Poison, Renounce Religion, Berserk, Trog's Hand


You were on level 4 of the Dungeon.
You worshipped Trog.
Trog was pleased with you.
You visited 1 branch of the dungeon, and saw 4 of its levels.

You collected 208 gold pieces.

Inventory:

Hand Weapons
 a - a +0 hand axe
 e - a +1 vampiric whip (weapon)
 h - a +2 dagger of draining
Armour
 b - a +0 animal skin (worn)
 p - an orb of light (worn)
Wands
 w - a wand of charming (10)
Scrolls
 c - a scroll of blinking {unknown}
 d - 3 scrolls of fear {unknown}
 i - a scroll of amnesia {unknown}
 j - 6 scrolls of identify {unknown}
 l - a scroll of acquirement {unknown}
 m - 2 scrolls of teleportation {unknown}
 n - 2 scrolls of noise {unknown}
 q - 2 scrolls of poison {unknown}
 u - a scroll of summoning {unknown}
Potions
 f - 2 potions of mutation
 o - a potion of brilliance
 r - a potion of heal wounds {unknown}
 s - a potion of resistance {unknown}
 t - a potion of lignification {unknown}
 v - a potion of might {unknown}


   Skills:
 + Level 3.8 Fighting
 * Level 4.4 Axes
 + Level 2.4 Armour
 + Level 2.5 Dodging


You had 4 spell levels left.
You didn't know any spells.
Your spell library was empty.

Dungeon Overview and Level Annotations

Branches:
Dungeon (4/15)
 Temple: D:4-7

Altars:


Innate Abilities, Weirdness & Mutations

Your serpentine skin is tough. (AC +1)
You have supernaturally acute eyesight. (SInv)
Armour fits poorly on your strangely shaped body.
Your system is resistant to poisons. (rPois)
You cover ground very slowly.
You can spit poison.
You have a snake-like lower body.
You have sharp fingernails.
You are mostly covered in iridescent scales. (AC +4)
Your flesh is heat resistant. (rF+)
You occasionally lose the ability to read scrolls when taking damage.


Message History

The iguana is lightly wounded.
The iguana barely misses you. The iguana bites you.
You hit the iguana.
The iguana is lightly wounded.
You feel yourself speed up. The iguana bites you.
You hit the iguana.
The iguana is heavily wounded.
The iguana bites you!
You feel threatened and lose the ability to read scrolls!
* * * LOW HITPOINT WARNING * * *
You hit the iguana.
You feel better.
The iguana is heavily wounded.
The iguana bites you.
* * * LOW HITPOINT WARNING * * *
You hit the iguana but do no damage.
The iguana is heavily wounded.
The iguana bites you!
* * * LOW HITPOINT WARNING * * *
Aiming: Spit Poison (1% risk of failure)
Press: ? - help, Shift-Dir - straight line, f/p - iguana
Aim: an iguana (heavily wounded, haloed, 79% to hit)
The splash of poison hits the iguana.
The iguana is poisoned.
The iguana is severely wounded.
The iguana closely misses you.
It was a potion of brilliance.
You feel clever all of a sudden. The iguana misses you.
It was a potion of haste.
You feel yourself speed up.
You have got your breath back.
The iguana barely misses you.
You can read scrolls again.
The iguana hisses menacingly.
Found a ring mail and a golden potion.
The iguana looks more healthy.
A hobgoblin comes into view.
You recover from your berserk rage.
The hobgoblin shouts!
The iguana attacks as you move away! The iguana bites you!
You feel threatened and lose the ability to read scrolls!
You die...

#..................#
#.......)...#......###
.......).).###.......##
...........# ##.......#
(.....##...# #.......#
...#...##..# ###....##
...##.....#######....###
. .......l#....##......#
.[......@...........##
......#.............####
....###........#.......##
.... .......####...)...#
... ....!....# #........
.. .........## #......<.
..........##.........#
...........##.........#
............


You could see an iguana.

Vanquished Creatures
  The ghost of Verendum the Sneak, a weakling OpDe (D:3)
  5 gnolls (D:3)
  2 adders
  An ufetubus (D:3)
  2 dart slugs (D:1)
  4 orcs (D:4)
  10 ball pythons
  4 endoplasms
  2 giant cockroaches
  9 hobgoblins
  4 jackals (D:1)
  10 kobolds
  A quokka (D:1)
  5 bats
  4 frilled lizards
  9 goblins
  7 rats
80 creatures vanquished.

Vanquished Creatures (others)
  A plant (D:1)
1 creature vanquished.

Grand Total: 81 creatures vanquished

Notes
Turn   | Place    | Note
-------+----------+-------------------------------------------
     0 | D:1      | Lanoc the Naga Berserker began the quest for the Orb.
     0 | D:1      | Reached XP level 1. HP: 21/21 MP: 1/1
    69 | D:1      | Reached XP level 2. HP: 23/28 MP: 2/2
   136 | D:1      | HP: 1/28 [goblin/+0 dagger (3)]
   138 | D:1      | Reached XP level 3. HP: 2/34 MP: 3/3
   681 | D:1      | Reached ** piety under Trog
   940 | D:1      | Found a faded altar of an unknown god.
  1186 | D:2      | Reached XP level 4. HP: 42/42 MP: 4/4
  1560 | D:3      | Found a runed translucent gate.
  1561 | D:3      | Found a runed translucent gate.
  1563 | D:3      | Found a runed translucent gate.
  1563 | D:3      | Noticed Verendum's ghost (weakling OpDe)
  1891 | D:3      | Reached skill level 4 in Axes
  1925 | D:3      | Reached XP level 5. HP: 48/49 MP: 5/5
  2241 | D:3      | Killed Verendum's ghost
  2328 | D:4      | Gained mutation: Potions are less effective at restoring
                  | your health. [potion of mutation]
  2328 | D:4      | Gained mutation: You are partially covered in iridescent
                  | scales. (AC +2) [potion of mutation]
  2328 | D:4      | Gained mutation: Your spells are a little easier to cast,
                  | but a little less powerful. [potion of mutation]
  2328 | D:4      | Gained mutation: You are mostly covered in iridescent
                  | scales. (AC +4) [potion of mutation]
  2329 | D:4      | Lost mutation: Potions are less effective at restoring your
                  | health. [potion of mutation]
  2329 | D:4      | Lost mutation: Your spells are a little easier to cast, but
                  | a little less powerful. [potion of mutation]
  2329 | D:4      | Gained mutation: You occasionally lose the ability to read
                  | scrolls when taking damage. [potion of mutation]
  2329 | D:4      | Gained mutation: You have sharp fingernails. [potion of
                  | mutation]
  2329 | D:4      | Gained mutation: Your flesh is heat resistant. (rF+)
                  | [potion of mutation]
  2348 | D:4      | HP: 1/50 [iguana (10)]
  2358 | D:4      | Slain by an iguana

Illustrated notes

Levels and vault maps discovered:
D:1:      ebering_trefoil_twist, layout_basic,
          shapermc_ecumenical_altar_hornbeckon
D:2:      layout_rooms
D:3:      layout_loops_ring, gammafunk_ghost_split, minmay_unequal
D:4:      layout_cave_pools, serial_column_ruins, column_ruins_open_tiny,
          column_ruins_open_small, column_ruins_columns_straight,
          column_ruins_open_small

Skill      XL: |  1  2  3  4 |
---------------+-------------+-----
Dodging        | 2 |  2.5
Armour         | 2 |  2.4
Axes           | 4 |  4.4
Fighting       | |  3.8

Action                   |  1- 3 |  4- 6 || total
-------------------------+-------+-------++-------
Melee: Hand axe          |    33 |       ||    33
       Whip              |    63 |    70 ||   133
Invok: Berserk           |     2 |     3 ||     5
 Abil: Spit Poison       |    16 |    14 ||    30
  Use: Potion            |       |     6 ||     6
Armor: Animal skin       |    19 |    11 ||    30
Dodge: Dodged            |    62 |    53 ||   115

Table legend: (Time is in decaauts)
 A = Elapsed time spent in this place.
 B = Non-inter-level travel time spent in this place.
 C = Inter-level travel time spent in this place.
 D = Time resting spent in this place.
 E = Time spent auto-exploring this place.
 F = Levels seen in this place.
 G = Mean time per level.
                   A        B        C        D        E       F      G
               +--------+--------+--------+--------+--------+-----+--------+
         Total |   3074 |   2971 |    103 |     96 |   2325 |   4 |  768.5 |
       Dungeon |   3074 |   2971 |    103 |     96 |   2325 |   4 |  768.5 |
               +--------+--------+--------+--------+--------+-----+--------+

Top non-repeatable levels by time:
     D:1: 1254 daAuts
     D:3: 1166 daAuts
     D:2: 554 daAuts
     D:4: 99 daAuts
